 Dungeon Crawl Stone Soup version 0.29.0-4-gdea44cf6ec (webtiles) character file.

Game seed: 8137151583928544883

39 qw the Chopper (level 3, 0/21 HPs)
             Began as a Tengu Warper on Aug 28, 2022.
             Slain by a gnoll
             ... wielding a +0 vorpal spear
              (2 damage)
             ... on level 2 of the Dungeon.
             The game lasted 00:00:05 (1540 turns).

qw the Chopper (Tengu Warper)                       Turns: 1540, Time: 00:00:06

Health: 0/21       AC:  7    Str: 13    XL:     3   Next: 45%
Magic:  7/7        EV: 11    Int: 13    God:
Gold:   71         SH:  0    Dex: 13    Spells: 6/6 levels left

rFire   + . .      SeeInvis .   Y - +0 hand axe (freeze)
rCold   . . .      Faith    .   (no shield)
rNeg    . . .      Spirit   .   k - +2 ring mail {rF+}
rPois   .          Reflect  .   (helmet restricted)
rElec   .          Harm     .   (no cloak)
rCorr   .          Rampage  .   (no gloves)
Will    .....                   (boots unavailable)
Stlth   +.........              (no amulet)
HPRegen 0.07/turn               (no ring)
MPRegen 0.10/turn               (no ring)

@: no status effects
A: beak, talons 3
a: no special abilities


You were on level 2 of the Dungeon.
You visited 1 branch of the dungeon, and saw 2 of its levels.

You collected 71 gold pieces.


Innate Abilities, Weirdness & Mutations

You have a beak for a mouth.
You have claws for feet.


   Skills:
 - Level 2.0 Fighting
 + Level 4.1 Axes
 - Level 1.0 Throwing
 - Level 1.1 Armour
 - Level 2.1 Dodging
 - Level 2.0 Spellcasting
 - Level 2.4 Translocations


You had 6 spell levels left.
You didn't know any spells.
Your spell library contained the following spells:

 Spells                   Type           Power      Damage    Failure   Level
 Blink                    Tloc           14%        N/A       30%         2
 Gell's Gravitas          Tloc           7%         N/A       52%         3
 Lesser Beckoning         Tloc           7%         N/A       52%         3
 Teleport Other           Tloc           7%         N/A       52%         3
 Manifold Assault         Tloc           7%         N/A       99%         5

Inventory:

Hand Weapons
 j - a +0 club
 Y - a +0 hand axe of freezing (weapon)
Missiles
 a - 5 boomerangs (quivered)
Armour
 c - the +4 ring mail of Optimism {rElec rCorr}
   (You found it on level 2 of the Dungeon)

   rElec:     It insulates you from electricity.
   rCorr:     It protects you from acid and corrosion.
 k - a +2 ring mail of fire resistance (worn)
Jewellery
 d - a ring of ice
Scrolls
 b - a scroll of noise {unknown}
Potions
 f - a potion of heal wounds {unknown}

Dungeon Overview and Level Annotations

Branches:
Dungeon (2/15)

Altars:


Message History

You kill the adder!
You have reached level 3!
Your experience leads to an increase in your attributes!
Increase (S)trength, (I)ntelligence, or (D)exterity?
You feel stronger. x2
You start resting.
HP restored.
You see here an adder corpse.
You see here an adder corpse.
A goblin comes into view. It is wielding a +0 dagger.
Throw: 5 boomerangs
Press: ? - help, Q - select action Shift-Dir - straight line, f - goblin You throw a boomerang.
The boomerang closely misses the goblin.
Throw: 5 boomerangs
Press: ? - help, Q - select action Shift-Dir - straight line, f/p - goblin You throw a boomerang.
The boomerang hits the goblin.
You kill the goblin!
You see here a +0 dagger. 2 gnolls come into view.
A gnoll is wielding a +0 vorpal spear.
Found a scroll labelled RUMPIL NYBB.
The gnoll shouts!
You hear a shout!
A gnoll comes into view. It is wielding a +0 halberd.
You see here a scroll of enchant armour.
1535 ||| Stepping ~*~*~tactically~*~*~ (hiding).
You hit the gnoll. You freeze the gnoll. Your kick misses the gnoll.
The gnoll is heavily wounded.
The gnoll hits you but does no damage.
You hit the gnoll. You freeze the gnoll.
You kill the gnoll!
Your Axes skill increases to level 4!
A gnoll comes into view. It is wielding a +0 club.
The gnoll shouts!
The gnoll hits you with a +0 vorpal spear.
Things that are here:
a +0 club; a scroll of enchant armour You completely miss the gnoll.
You peck the gnoll, but do no damage.
The gnoll hits you from afar with a +0 halberd!
The gnoll hits you with a +0 vorpal spear.
You die...

#####. #....
#.##.#.#####
#...........
####.#.##### #
# #.#
.#.############
#.### #
........ggg...?
#...# #
#.....@#
######.# #
######.#
#......# # #.#
#[###### # #.#
#.# # #)# #.# #
#.#######.# #
#.#.......# #
#.#.########
#.#.#......#


You could see 3 gnolls.

Vanquished Creatures
  An adder (D:2)
  A gnoll (D:2)
  A worm (D:2)
  2 dart slugs (D:1)
  A giant cockroach (D:2)
  2 goblins
  A hobgoblin (D:1)
  A quokka (D:1)
  A ball python (D:1)
  3 frilled lizards
  A kobold (D:1)
  2 rats (D:1)
17 creatures vanquished.

Notes
Turn   | Place    | Note
-------+----------+-------------------------------------------
     0 | D:1      | qw the Tengu Warper began the quest for the Orb.
     0 | D:1      | Reached XP level 1. HP: 12/12 MP: 4/4
     0 | D:1      | 0 ||| qw: Version: 0.1-a-89-g26bdef1
     0 | D:1      | 0 ||| qw: Game counter: 888
     0 | D:1      | 0 ||| qw: Always use a shield: true
     0 | D:1      | 0 ||| qw: God list: Okawaru
     0 | D:1      | 0 ||| qw: Allow faded altars: false
     0 | D:1      | 0 ||| qw: Do Orc after D:15 true
     0 | D:1      | 0 ||| qw: Do second Lair branch before Depths: true
     0 | D:1      | 0 ||| qw: Lair rune preference: random
     0 | D:1      | 0 ||| qw: Plans: Normal
     0 | D:1      | 0 ||| PLANNING D:1-11
   266 | D:1      | Reached skill level 3 in Axes
   266 | D:1      | Reached XP level 2. HP: 10/17 MP: 6/6
   858 | D:1      | 858 ||| UPGRADING to +2 ring mail of fire resistance.
   868 | D:1      | 868 ||| DROPPING +0 leather armour.
   869 | D:1      | 869 ||| READING scroll labelled VIRCHU RIUMMYKKAEH.
   970 | D:1      | 970 ||| READING scroll labelled ZINGET SIESO.
   971 | D:1      | 971 ||| READING scroll labelled CEOK CINUN.
   972 | D:1      | 972 ||| READING scroll labelled JAT INAIVEAFE.
   977 | D:1      | 977 ||| DROPPING scroll of blinking.
  1090 | D:2      | HP: 4/16 [worm (6)]
  1355 | D:2      | Identified the +4 ring mail of Optimism {rElec rCorr}
  1431 | D:2      | Reached XP level 3. HP: 15/21 MP: 7/7
  1535 | D:2      | 1535 ||| Stepping ~*~*~tactically~*~*~ (hiding).
  1539 | D:2      | Reached skill level 4 in Axes
  1540 | D:2      | HP: 2/21 [gnoll/+0 vorpal spear (6)]
  1540 | D:2      | Slain by a gnoll

Levels and vault maps discovered:
D:1:      lightli_arrival_quake, layout_loops_ring,
          chequers_serial_rivers_large_a
D:2:      layout_basic, minmay_tetromino_s2

Skill      XL: |  1  2  3 |
---------------+----------+-----
Axes           | 3 4 |  4.1
Fighting       | |  2.0
Throwing       | |  1.0
Armour         | |  1.1
Dodging        | |  2.1
Spellcasting   | |  2.0
Translocations | |  2.4

Action                   || total
-------------------------++-------
Melee: Hand axe          ||    41
       Kick              ||     9
       Peck              ||     6
       Punch             ||     1
Throw: Boomerang         ||    13
  Use: Scroll            ||     4
Armor: Leather armour    ||     1
       Ring mail         ||     6
Dodge: Dodged            ||    15

Table legend:
 A = Non-vault XP
 B = Vault XP
 C = Vault XP percentage of total XP
 D = Non-vault monster count
 E = Vault monster count
 F = Vault count percentage of total count
                 A         B        C        D         E       F
            +---------+---------+-------+---------+---------+-------
      Total |      50 |       6 |  10.7 |      15 |       2 |  11.8
            +---------+---------+-------+---------+---------+-------
        D:1 |      19 |       0 |   0.0 |      10 |       0 |   0.0
        D:2 |      31 |       6 |  16.2 |       5 |       2 |  28.6
            +---------+---------+-------+---------+---------+-------
